 Dungeon Crawl Stone Soup version 0.21.1-75-g79f4511 (webtiles) character file.

223 asishallab the Charmwright (level 6, -5/50 HPs)
             Began as a Gnoll Skald on Aug 18, 2018.
             Slain by a gnoll
             ... wielding a cursed -2 spear
              (6 damage)
             ... on level 3 of the Dungeon.
             The game lasted 00:08:45 (2960 turns).

asishallab the Charmwright (Gnoll Skald)            Turns: 2960, Time: 00:08:46

Health: -5/50      AC:  6    Str: 11 (13) XL:     6   Next: 0%
Magic:  4/13       EV: 13    Int: 12 (15) God:
Gold:   188        SH:  0    Dex: 16 (17) Spells: 4/15 levels left

rFire    . . .     SeeInvis .   b - +1 dagger (vamp)
rCold    . . .     Gourm    .   (no shield)
rNeg     . . .     Faith    .   g - +0 ring mail
rPois    .         Spirit   .   (no helmet)
rElec    .         Reflect  .   (no cloak)
rCorr    .         Harm     .   e - +0 pair of gloves
MR       .....                  (no boots)
Stlth    +.........             (no amulet)
HPRegen  0.16/turn              (no ring)
MPRegen  0.13/turn              (no ring)

@: very slightly contaminated
A: distributed training, fangs 1, strong nose
a: no special abilities


You were on level 3 of the Dungeon.
You were not hungry.

You visited 1 branch of the dungeon, and saw 3 of its levels.

You collected 188 gold pieces.

Inventory:

Hand Weapons
 a - a +0 hand axe
 b - a +1 vampiric dagger (weapon)
Missiles
 f - 150 stones (quivered)
 l - 2 throwing nets
 o - 21 sling bullets
Armour
 e - a +0 pair of gloves (worn)
 g - a +0 ring mail (worn)
Scrolls
 k - a scroll of teleportation {unknown}
 n - a scroll of identify {unknown}
Potions
 h - a potion of agility
 i - 2 potions of curing
Books
 c - a book of Battle

   Spells                             Type                      Level
   a - Infusion                       Charms                       1
   b - Shroud of Golubria             Charms/Translocation         2
   c - Song of Slaying                Charms                       2
   d - Spectral Weapon                Hexes/Charms                 3
   e - Regeneration                   Charms/Necromancy            3
Comestibles
 d - 6 rations


   Skills:
 + Level 4.8 Fighting
 + Level 1.6 Short Blades
 + Level 1.6 Long Blades
 + Level 4.8 Axes
 + Level 1.6 Maces & Flails
 + Level 1.6 Polearms
 + Level 1.6 Staves
 + Level 1.6 Slings
 + Level 1.6 Bows
 + Level 1.6 Crossbows
 + Level 1.6 Throwing
 + Level 3.1 Armour
 + Level 4.8 Dodging
 + Level 1.6 Stealth
 + Level 1.6 Shields
 + Level 1.6 Unarmed Combat
 + Level 5.2 Spellcasting
 + Level 1.3 Conjurations
 + Level 1.3 Hexes
 + Level 5.6 Charms
 + Level 1.3 Summonings
 + Level 1.3 Necromancy
 + Level 1.3 Translocations
 + Level 1.3 Transmutations
 + Level 1.3 Fire Magic
 + Level 1.3 Ice Magic
 + Level 1.3 Air Magic
 + Level 1.3 Earth Magic
 + Level 1.3 Poison Magic
 + Level 1.9 Invocations
 + Level 1.6 Evocations


You had 4 spell levels left.
You knew the following spells:

 Your Spells              Type           Power        Failure   Level  Hunger
a - Infusion              Chrm           ###.         4%          1    None
b - Shroud of Golubria    Chrm/Tloc      ##........   16%         2    ##.....
c - Song of Slaying       Chrm           ###.....     7%          2    ##.....
d - Spectral Weapon       Hex/Chrm       ##......     32%         3    ###....
e - Regeneration          Chrm/Necr      ##........   32%         3    ###....


Dungeon Overview and Level Annotations

Branches:
Dungeon (3/15)

Altars:
Nemelex Xobeh
Uskayaw

Annotations:
D:3 Sigmund


Innate Abilities, Weirdness & Mutations

Your experience applies equally to all skills.
You have very sharp teeth.
Your uncanny sense of smell can sniff out nearby items.


Message History

You kill the gnoll!
You have reached level 6!
Your experience leads to an increase in your attributes!
Your base attributes are Str 13, Int 15, Dex 16.
Increase (S)trength, (I)ntelligence, or (D)exterity?
You feel agile. The gnoll barely misses you.
Casting: Spectral Weapon
Confirm with . or Enter, or press ? or * to list all spells.
You miscast Shroud of Golubria.
You are very lightly contaminated with residual magic.
The world appears momentarily distorted!
The gnoll completely misses you.
The gnoll hits you with an enchanted spear!
* * * LOW HITPOINT WARNING * * *
Things that are here:
a whip; a gnoll corpse You barely miss the gnoll.
The gnoll hits you with an enchanted spear.
You die...

### #.# ..#
########## #.#
#..(@g...# #.#
#.######.# #.#
########.# #.#
#......#.# #.#
#........# #.#
#......### #.#
#......# #.#
#......#
#.#####'######


You could see a gnoll and a friendly spectral vampiric dagger.

Vanquished Creatures
  Jessica (D:3)
  The ghost of dscm the Grave Robber, a weakling DsNe (D:3)
  9 gnolls
  3 adders
  A worm (D:3)
  2 dart slugs (D:2)
  5 leopard geckos
  2 ball pythons
  4 bats (D:2)
  2 giant cockroaches (D:1)
  9 goblins
  4 hobgoblins
  3 jackals (D:1)
  4 kobolds
  2 quokkas (D:2)
  A frilled lizard (D:3)
  6 rats
59 creatures vanquished.

Notes
Turn   | Place    | Note
-------+----------+-------------------------------------------
     0 | D:1      | asishallab the Gnoll Skald began the quest for the Orb.
     0 | D:1      | Reached XP level 1. HP: 20/20 MP: 6/6
    70 | D:1      | Reached XP level 2. HP: 15/26 MP: 7/7
    81 | D:1      | Learned a level 2 spell: Shroud of Golubria
    84 | D:1      | Learned a level 2 spell: Song of Slaying
   857 | D:1      | Reached XP level 3. HP: 31/31 MP: 9/9
  1094 | D:2      | Found a sparkling altar of Nemelex Xobeh.
  1113 | D:2      | Reached skill level 5 in Spellcasting
  1160 | D:2      | Reached skill level 1 in Invocations
  1473 | D:2      | Reached skill level 1 in Short Blades
  1473 | D:2      | Reached skill level 1 in Long Blades
  1473 | D:2      | Reached skill level 1 in Maces & Flails
  1473 | D:2      | Reached skill level 1 in Polearms
  1473 | D:2      | Reached skill level 1 in Staves
  1473 | D:2      | Reached skill level 1 in Slings
  1473 | D:2      | Reached skill level 1 in Bows
  1473 | D:2      | Reached skill level 1 in Crossbows
  1473 | D:2      | Reached skill level 1 in Throwing
  1473 | D:2      | Reached skill level 1 in Stealth
  1473 | D:2      | Reached skill level 1 in Shields
  1473 | D:2      | Reached skill level 1 in Unarmed Combat
  1473 | D:2      | Reached skill level 1 in Evocations
  1473 | D:2      | Reached XP level 4. HP: 37/38 MP: 0/11
  1498 | D:2      | Reached skill level 1 in Conjurations
  1498 | D:2      | Reached skill level 1 in Hexes
  1498 | D:2      | Reached skill level 1 in Summonings
  1498 | D:2      | Reached skill level 1 in Necromancy
  1498 | D:2      | Reached skill level 1 in Translocations
  1498 | D:2      | Reached skill level 1 in Transmutations
  1498 | D:2      | Reached skill level 1 in Fire Magic
  1498 | D:2      | Reached skill level 1 in Ice Magic
  1498 | D:2      | Reached skill level 1 in Air Magic
  1498 | D:2      | Reached skill level 1 in Earth Magic
  1498 | D:2      | Reached skill level 1 in Poison Magic
  1945 | D:2      | Found a hide-covered altar of Uskayaw.
  2236 | D:3      | Learned a level 3 spell: Spectral Weapon
  2240 | D:3      | Learned a level 3 spell: Regeneration
  2269 | D:3      | Noticed dscm's ghost (weakling DsNe)
  2272 | D:3      | Reached XP level 5. HP: 32/43 MP: 3/12
  2293 | D:3      | HP: 2/43 [dscm's ghost/nerve-wracking pain (13)]
  2295 | D:3      | Killed dscm's ghost
  2297 | D:3      | Noticed Jessica
  2344 | D:3      | Killed Jessica
  2721 | D:3      | Noticed Sigmund
  2957 | D:3      | Reached XP level 6. HP: 8/50 MP: 5/13
  2959 | D:3      | HP: 1/50 [gnoll/enchanted spear (7)]
  2960 | D:3      | Slain by a gnoll

Skill      XL: |  1  2  3  4  5 |
---------------+----------------+-----
Spellcasting   | 5 |  5.2
Invocations    | 1 |  1.9
Short Blades   | 1 |  1.6
Long Blades    | 1 |  1.6
Maces & Flails | 1 |  1.6
Polearms       | 1 |  1.6
Staves         | 1 |  1.6
Slings         | 1 |  1.6
Bows           | 1 |  1.6
Crossbows      | 1 |  1.6
Throwing       | 1 |  1.6
Stealth        | 1 |  1.6
Shields        | 1 |  1.6
Unarmed Combat | 1 |  1.6
Evocations     | 1 |  1.6
Conjurations   | 1 |  1.3
Hexes          | 1 |  1.3
Summonings     | 1 |  1.3
Necromancy     | 1 |  1.3
Translocations | 1 |  1.3
Transmutations | 1 |  1.3
Fire Magic     | 1 |  1.3
Ice Magic      | 1 |  1.3
Air Magic      | 1 |  1.3
Earth Magic    | 1 |  1.3
Poison Magic   | 1 |  1.3
Armour         | 3 |  3.1
Fighting       | |  4.8
Axes           | |  4.8
Dodging        | |  4.8
Charms         | |  5.6

Action                   |  1- 3 |  4- 6 || total
-------------------------+-------+-------++-------
Melee: Hand axe          |   110 |   125 ||   235
       Bite              |     9 |    14 ||    23
       Dagger            |       |    29 ||    29
       Punch             |       |     2 ||     2
Throw: Stone             |    14 |    16 ||    30
 Cast: Shroud of Golubri |     4 |     4 ||     8
       Song of Slaying   |     3 |     1 ||     4
       Infusion          |     2 |       ||     2
       Regeneration      |       |     3 ||     3
       Spectral Weapon   |       |     1 ||     1
  Use: Scroll            |     1 |     2 ||     3
       Potion            |       |     4 ||     4
  Eat: Chunk             |     2 |     3 ||     5
       Ration            |       |     2 ||     2
Armor: Leather armour    |     1 |       ||     1
       Ring mail         |    34 |    37 ||    71
Dodge: Dodged            |    90 |   122 ||   212
